 Dungeon Crawl Stone Soup version 0.31-a0-744-gbc345e7fcb (webtiles) character file.

Game seed: 15786158071436830903

683 Dirtsage the Chopper (level 7, 48/52 HPs)
             Began as a Demonspawn Berserker on Sept 13, 2023.
             Was a Priest of Trog.
             Quit the game on level 5 of the Dungeon.
             The game lasted 00:05:13 (3044 turns).

Dirtsage the Chopper (Demonspawn Berserker)         Turns: 3044, Time: 00:05:14

Health: 48/52      AC:  7    Str: 20    XL:     7   Next: 35%
Magic:  7/7        EV: 10    Int:  8    God:    Trog [***...]
Gold:   309        SH:  5    Dex: 12    Spells: 6/6 levels left

rFire   . . .        a - +0 hand axe
rCold   . . .        (no shield)
rNeg    . . .        t - +0 scale mail
rPois   .            (helmet restricted)
rElec   .            (no cloak)
rCorr   .            r - +0 pair of gloves
SInv    .            (no boots)
Will    .....        i - amulet of reflection Stlth
                     (no ring)
HPRegen 0.28/turn    (no ring)
MPRegen 0.10/turn

%: reflection
@: mildly poisoned (48 -> 46)
A: horns 2, powered by pain 2, demonic magic 1
a: Renounce Religion, Berserk, Trog's Hand


You were on level 5 of the Dungeon.
You worshipped Trog.
Trog was most pleased with you.
You visited 1 branch of the dungeon, and saw 5 of its levels.

You collected 309 gold pieces.

Inventory:

Hand Weapons
 a - a +0 hand axe (weapon)
Armour
 r - a +0 pair of gloves (worn)
 t - a +0 scale mail (worn)
Jewellery
 i - an amulet of reflection (around neck)
Wands
 u - a wand of mindburst (14)
Scrolls
 b - 2 scrolls of amnesia {unknown}
 c - 7 scrolls of identify {unknown}
 e - a scroll of fog {unknown}
 h - 2 scrolls of teleportation {unknown}
 j - 2 scrolls of torment {unknown}
 k - a scroll of fear {unknown}
 l - a scroll of enchant armour {unknown}
 o - a scroll of vulnerability {unknown}
 s - a scroll of blinking {unknown}
Potions
 d - 4 potions of might {unknown}
 f - a potion of mutation {unknown}
 g - 3 potions of brilliance {unknown}
 m - a potion of heal wounds {unknown}
 n - a potion of lignification {unknown}
 p - 2 potions of cancellation {unknown}
 q - a potion of attraction {unknown}


   Skills:
 - Level 3.0 Fighting
 + Level 7.9 Axes
 - Level 1.7 Armour
 - Level 1.7 Dodging


You had 6 spell levels left.
You didn't know any spells.
Your spell library contained the following spells:

 Spells                   Type           Power      Damage    Failure   Level
 Sting                    Tmut/Pois      0%         1d3       77%         1
 Petrify                  Tmut/Erth      0%         N/A       100%        4
 Summon Forest            Summ/Tloc      0%         N/A       100%        5


Dungeon Overview and Level Annotations

Branches:
Dungeon (5/15)
 Temple: D:4-7

Altars:

Shops:
D:2 [


Innate Abilities, Weirdness & Mutations

You have a pair of horns on your head.
You sometimes gain power by taking damage.
Spells you cast may paralyse adjacent enemies.


Message History

You regained 7 hp, and now have 59/78 hp.
MP restored: 7 You start resting.
You feel a strong urge to attack something.
You start resting.
You are no longer berserk.
You are exhausted.
You feel yourself slow down.
You now have 39/52 hp.
You start resting.
You feel a little less mighty now.
You regained 11 hp, and now have 50/52 hp.
You feel yourself speed up.
HP restored.
You see here an orb of wrath.
You recover from your berserk rage.
An adder comes into view.
The adder moves out of view.
Health restored: 52 An adder is nearby!
You closely miss the adder. The adder closely misses you.
You hit the adder but do no damage. You block the adder's attack.
You hit the adder.
The adder is severely wounded.
The adder bites you.
You are poisoned.
The adder poisons you! The adder bites you but does no damage.
You take 3 damage, and have 49/52 hp.
You miss the adder.
The adder is severely wounded.
You feel sick. The adder bites you but does no damage.
You hit the adder.
You kill the adder!
Trog accepts your kill.
You feel sick.
You take 1 damage, and have 48/52 hp.
Are you sure you want to abandon this character and quit the game? (Confirm with "yes".)
Okay, then.
Unknown command.
Are you sure you want to abandon this character and quit the game? (Confirm with "yes".)

#.....
##.....
#......
#......
#......
#..(...
##.....##
.......@##
#######..#
##.##
##.##
#..###
#....#
#....##
#.....#
#....##


There were no monsters in sight!

Vanquished Creatures
  Grinder (D:5)
  3 orc priests (D:4)
  2 jellies
  A hound (D:4)
  A sleepcap (D:4)
  An iguana (D:4)
  3 orc wizards
  3 gnolls (D:2)
  2 adders
  3 worms
  2 dart slugs
  16 orcs
  6 bats
  7 endoplasms
  5 giant cockroaches
  5 goblins
  10 hobgoblins
  5 jackals
  8 kobolds
  2 quokkas
  13 ball pythons
  5 rats
104 creatures vanquished.

Notes
Turn   | Place    | Note
-------+----------+-------------------------------------------
     0 | D:1      | Dirtsage the Demonspawn Berserker began the quest for the
                  | Orb.
     0 | D:1      | Reached XP level 1. HP: 18/18 MP: 1/1
    94 | D:1      | Reached skill level 3 in Axes
   122 | D:1      | Gained mutation: You sometimes gain a little power by
                  | taking damage. [demonic ancestry]
   122 | D:1      | Reached XP level 2. HP: 7/24 MP: 2/2
   593 | D:2      | Gained mutation: You sometimes gain power by taking damage.
                  | [demonic ancestry]
   593 | D:2      | Reached XP level 3. HP: 29/29 MP: 3/3
   599 | D:2      | Reached skill level 4 in Axes
   685 | D:2      | Found Ashreelue's Armour Shoppe.
   697 | D:2      | Reached ** piety under Trog
   736 | D:2      | Found a faded altar of an unknown god.
   950 | D:2      | Reached XP level 4. HP: 35/35 MP: 4/4
  1015 | D:2      | Got the Parchment of the Mutated Wayfarer
  1278 | D:2      | You fall into a shaft and drop 2 floors!
  1296 | D:4      | Reached skill level 5 in Axes
  1302 | D:4      | Gained mutation: You have a pair of small horns on your
                  | head. [demonic ancestry]
  1302 | D:4      | Reached XP level 5. HP: 16/41 MP: 5/5
  1597 | D:4      | Reached skill level 6 in Axes
  1749 | D:3      | Gained mutation: You have a pair of horns on your head.
                  | [demonic ancestry]
  1749 | D:3      | Reached XP level 6. HP: 47/47 MP: 6/6
  1758 | D:3      | Reached *** piety under Trog
  2574 | D:4      | Found the +7 Throatcutter {drain, coup de grace}
  2709 | D:4      | Reached skill level 7 in Axes
  2907 | D:5      | Entered Level 5 of the Dungeon
  2979 | D:5      | Noticed Grinder
  2986 | D:5      | Killed Grinder
  2987 | D:5      | Gained mutation: Spells you cast may paralyse adjacent
                  | enemies. [demonic ancestry]
  2987 | D:5      | Reached XP level 7. HP: 52/52 MP: 7/7
  3044 | D:5      | Quit the game

Illustrated notes

Levels and vault maps discovered:
D:1:      psy_arrival_spokes, layout_rooms
D:2:      layout_loops_ring, serial_shops, shop,
          hellmonk_ecumenical_altar_arch_garden, minmay_tromino_v4_a
D:3:      layout_loops_ring
D:4:      layout_cave_pools, kennysheep_orc_chapel
D:5:      layout_cave_pods, serial_shops, nicolae_shop_tiny_real_fake_doors,
          gammafunk_ghost_split, dk_noncrumbling_2, uniq_menkaure, uniq_grinder

Skill      XL: |  1  2  3  4  5  6 |
---------------+-------------------+-----
Axes           | 3 4 5 6 7 |  7.9
Fighting       | |  3.0
Armour         | |  1.7
Dodging        | |  1.7

Action                     |  1- 3 |  4- 6 |  7- 9 || total
---------------------------+-------+-------+-------++-------
  Melee: Hand axe          |    88 |   197 |     5 ||   290
         Headbutt          |       |    23 |       ||    23
         Punch             |       |     1 |       ||     1
 Invoke: Berserk           |     1 |     8 |       ||     9
 Armour: Ring mail         |    62 |    65 |       ||   127
         Animal skin       |     1 |       |       ||     1
         Scale mail        |       |    19 |     3 ||    22
  Dodge: Dodged            |    48 |    94 |     1 ||   143
  Block: Other             |    10 |    38 |     1 ||    49
         Reflection        |       |     1 |       ||     1

Table legend: (Time is in decaauts)
 A = Elapsed time spent in this place.
 B = Non-inter-level travel time spent in this place.
 C = Inter-level travel time spent in this place.
 D = Time resting spent in this place.
 E = Time spent auto-exploring this place.
 F = Levels seen in this place.
 G = Mean time per level.
                   A        B        C        D        E       F      G
               +--------+--------+--------+--------+--------+-----+--------+
         Total |   3135 |   3065 |     70 |    548 |   1890 |   5 |  627.0 |
       Dungeon |   3135 |   3065 |     70 |    548 |   1890 |   5 |  627.0 |
               +--------+--------+--------+--------+--------+-----+--------+

Top non-repeatable levels by time:
     D:4: 867 daAuts
     D:2: 863 daAuts
     D:3: 663 daAuts
     D:1: 585 daAuts
     D:5: 156 daAuts
